 Dungeon Crawl Stone Soup version 0.27.0-1-g7a089689b8 (webtiles) character file.

Game seed: 18145798063628388112

1108 GordonOverkill the Chucker (level 8, -5/53 (60) HPs)
             Began as a Human Arcane Marksman on July 31, 2021.
             Was a Priest of Fedhas.
             Slain by Maggie (12 damage)
             ... on level 6 of the Dungeon on Aug 1, 2021.
             The game lasted 00:34:17 (11763 turns).

GordonOverkill the Chucker (Human Arcane Marksman) Turns: 11763, Time: 00:34:18

HP:   -5/53 (60)    AC:  6    Str: 10    XL:     8   Next: 59%
MP:   14/14         EV: 10    Int: 16    God:    Fedhas [***...]
Gold: 65            SH:  0    Dex: 14    Spells: 8/15 levels left

rFire    . . .     SeeInvis .   l - +2 whip (elec)
rCold    . . .     Faith    .   (no shield)
rNeg     . . .     Spirit   .   i - +1 ring mail {rPois}
rPois    +         Reflect  .   (no helmet)
rElec    .         Harm     .   (no cloak)
rCorr    .         Rampage  .   (no gloves)
Will     .....                  (no boots)
Stlth    +.........             (no amulet)
HPRegen  0.17/turn              (no ring)
MPRegen  0.14/turn              (no ring)

@: mighty, mesmerised, heavily drained
A: no striking features
a: Renounce Religion, Wall of Briars, Grow Ballistomycete


You were on level 6 of the Dungeon.
You worshipped Fedhas.
Fedhas was most pleased with you.
You visited 1 branch of the dungeon, and saw 6 of its levels.

You collected 164 gold pieces.
You spent 99 gold pieces at shops.

Inventory:

Hand Weapons
 a - a +0 spear of venom
 l - a +2 whip of electrocution (weapon)
Missiles
 e - 24 poisoned darts (quivered)
 o - a javelin
Armour
 d - a +0 robe
 i - a +1 ring mail of poison resistance (worn)
Jewellery
 m - an amulet of faith
Scrolls
 g - 2 scrolls of enchant weapon
 h - a scroll of fog
 n - a scroll of brand weapon
 q - a scroll of silence
Potions
 b - a potion of degeneration {unknown}
 k - 2 potions of curing
 p - 3 potions of mutation


   Skills:
 - Level 4.0 Fighting
 - Level 2.0 Short Blades
 + Level 1.8 Maces & Flails
 - Level 1.3 Polearms
 + Level 4.9 Throwing
 - Level 2.0 Dodging
 - Level 2.0 Stealth
 - Level 4.0 Spellcasting
 + Level 4.1 Hexes
 - Level 3.0 Invocations


You had 8 spell levels left.
You knew the following spells:

 Your Spells              Type           Power      Damage    Failure   Level
a - Corona                Hex            17%        N/A       8%          1
b - Slow                  Hex            16%        N/A       12%         2
c - Cause Fear            Hex            8%         N/A       61%         4

Your spell library contained the following spells:

 Spells                   Type           Power      Damage    Failure   Level
 Summon Small Mammal      Summ           12%        N/A       41%         1
 Inner Flame              Hex/Fire       9%         N/A       50%         3
 Portal Projectile        Hex/Tloc       18%        N/A       50%         3
 Summon Guardian Golem    Hex/Summ       9%         N/A       50%         3
 Call Canine Familiar     Summ           3%         N/A       78%         3
 Leda's Liquefaction      Hex/Erth       4%         N/A       88%         4


Dungeon Overview and Level Annotations

Branches:
Dungeon (6/15)             Temple (0/1) D:4

Altars:
Fedhas

Shops:
D:4 ?

Annotations:
D:3 1 runed translucent door, weresquid's ghost, weakling PaGl
D:6 Maggie


Message History

Unknown command.
Unknown command.
Press: ? - help, Dir - move target, f - Maggie
Aim: Maggie, wielding a +1 broad axe of draining, wearing +0 steam dragon scales and carrying a wand of acid (9) (lightly wounded) That space is already occupied.
Okay, then.
Okay, then.
Okay, then.
You feel very mighty all of a sudden. Maggie barely misses you.
You barely miss Maggie.
Maggie is lightly wounded.
Maggie casts a spell.
Maggie attempts to bespell you! You resist with some effort.
You completely miss Maggie.
Maggie is lightly wounded.
Maggie casts a spell.
Maggie attempts to bespell you!
You are mesmerised by Maggie!
You hit Maggie. Lightning courses through Maggie!!
Maggie is heavily wounded.
Maggie mumbles some strange words.
Maggie draws you further into her thrall.
You hit Maggie but do no damage. Lightning courses through Maggie!!
Maggie is almost dead.
Maggie zaps a wand.
The bolt of acid hits you!
* * * LOW HITPOINT WARNING * * *
You are splashed with acid!
* * * LOW HITPOINT WARNING * * *
You closely miss Maggie.
Maggie is almost dead.
Maggie hits you with a +1 broad axe of draining.
* * * LOW HITPOINT WARNING * * *
You feel drained.
* * * LOW HITPOINT WARNING * * *
You hit Maggie.
Maggie is almost dead.
Maggie hits you with a +1 broad axe of draining!
You die...
Fedhas appreciates your contribution to the ecosystem.

#.##.# ..# #.##.#
#.# ..# #.##.# #.#
..#####.##.# #.#
...........# #.#
#.#####.#### #.# #.#
#.# ##.## #.# #.#
#@@.####.# #.#
#.....#....#.#####.#
#.#................#
#(################
#. #


You could see Maggie (mesmerising).

Vanquished Creatures
  2 ogres (D:3)
  A kobold brigand (D:6)
  A gnoll sergeant (D:5)
  A bullfrog (D:4)
  A water moccasin zombie (D:6)
  2 centaur zombies
  5 orc priests
  A gnoll shaman (D:4)
  A hound (D:4)
  2 centaur skeletons
  Natasha (D:1)
  2 iguanas (D:5)
  An orc wizard (D:4)
  8 gnolls
  7 adders
  2 white imps
  A worm (D:2)
  4 dart slugs
  14 orcs
  6 endoplasms
  4 giant cockroaches
  4 goblins
  7 hobgoblins
  4 quokkas
  5 ball pythons
  9 bats
  6 frilled lizards
  14 kobolds
  7 rats
123 creatures vanquished.

Notes
Turn   | Place    | Note
-------+----------+-------------------------------------------
     0 | D:1      | GordonOverkill the Human Arcane Marksman began the quest
                  | for the Orb.
     0 | D:1      | Reached XP level 1. HP: 15/15 MP: 2/2
   131 | D:1      | Reached XP level 2. HP: 20/21 MP: 3/3
   141 | D:1      | Learned a level 2 spell: Slow
   383 | D:1      | Reached skill level 1 in Stealth
   775 | D:1      | Reached XP level 3. HP: 26/26 MP: 4/4
  1275 | D:2      | Found a faded altar of an unknown god.
  1282 | D:2      | Became a worshipper of Fedhas Madash
  1282 | D:2      | Reached * piety under Fedhas
  1549 | D:2      | Reached XP level 4. HP: 32/33 MP: 6/6
  1588 | D:2      | Reached skill level 1 in Short Blades
  1964 | D:2      | Noticed Natasha
  2026 | D:1      | Killed Natasha
  2207 | D:3      | Reached XP level 5. HP: 33/38 MP: 4/7
  2851 | D:3      | Reached ** piety under Fedhas
  3307 | D:3      | Found a runed translucent door.
  3307 | D:3      | Noticed weresquid's ghost (weakling PaGl)
  3509 | D:4      | Found Degigehe's Magic Scroll Shoppe.
  3519 | D:4      | Bought a scroll of identify for 22 gold pieces
  3519 | D:4      | Bought a scroll of identify for 22 gold pieces
  3519 | D:4      | Bought a scroll of identify for 22 gold pieces
  3519 | D:4      | Bought a scroll of teleportation for 33 gold pieces
  3735 | D:4      | Reached skill level 1 in Invocations
  3974 | D:4      | Reached XP level 6. HP: 32/46 MP: 9/9
  4578 | D:4      | Noticed an ogre
  4599 | D:3      | Killed an ogre
  5226 | D:4      | Noticed an ogre
  5913 | D:4      | Found a staircase to the Ecumenical Temple.
  6248 | D:4      | Reached XP level 7. HP: 52/52 MP: 11/11
  6733 | D:3      | Found a runed translucent door.
  8363 | D:4      | Learned a level 4 spell: Cause Fear
  9053 | D:4      | Found a staircase to the Ecumenical Temple.
  9342 | D:4      | Found Degigehe's Magic Scroll Shoppe.
  9499 | D:5      | Entered Level 5 of the Dungeon
 10426 | D:5      | Reached XP level 8. HP: 60/60 MP: 13/13
 10518 | D:5      | Reached *** piety under Fedhas
 10519 | D:5      | Reached skill level 1 in Polearms
 11474 | D:6      | Reached skill level 1 in Maces & Flails
 11747 | D:6      | Noticed Maggie
 11763 | D:6      | Slain by Maggie

Illustrated notes

Levels and vault maps discovered:
D:1:      minmay_arrival_up_and_down, layout_loops_ring
D:2:      layout_basic, ebering_ecumenical_altar_rust,
          kennysheep_generic_room_10, uniq_natasha
D:3:      layout_loops_cross, gammafunk_ghost_grave
D:4:      layout_gridville, minmay_temple_entry_slanted, serial_shops, shop,
          sigmund_army
D:5:      layout_rooms, minmay_holes
D:6:      layout_loops_ring, hangedman_feature_mirror,
          chequers_serial_rivers_micro_a, uniq_maggie

Skill      XL: |  1  2  3  4  5  6  7  8 |
---------------+-------------------------+-----
Stealth        | 1 2 |  2.0
Short Blades   | 1 2 |  2.0
Fighting       | 2 3 4 |  4.0
Spellcasting   | 2 3 4 |  4.0
Throwing       | 3 4 |  4.9
Invocations    | 1 2 3 |  3.0
Polearms       | 1 |  1.3
Maces & Flails | 1 |  1.8
Hexes          | 4 |  4.1
Dodging        | |  2.0

Action                   |  1- 3 |  4- 6 |  7- 9 || total
-------------------------+-------+-------+-------++-------
Melee: Dagger            |    55 |   121 |    40 ||   216
       Spear             |       |       |    35 ||    35
       Whip              |       |       |    48 ||    48
Throw: Javelin           |    26 |    11 |    14 ||    51
       Dart              |    48 |    65 |   113 ||   226
       Throwing net      |     4 |     2 |     2 ||     8
 Cast: Slow              |     5 |    10 |     2 ||    17
       Corona            |       |     2 |       ||     2
  Use: Scroll            |       |     5 |     8 ||    13
       Potion            |       |     1 |     4 ||     5
 Stab: Sleeping          |     1 |     3 |       ||     4
       Held in net/web   |     1 |     2 |       ||     3
Armor: Robe              |    11 |    16 |       ||    27
       Chain mail        |       |     4 |    46 ||    50
       Ring mail         |       |       |    18 ||    18
Dodge: Dodged            |    38 |    73 |    52 ||   163
